 Dungeon Crawl Stone Soup version 0.31.0-11-ge490571c62 (webtiles) character file.

Game seed: 15112520447968830819

119 Arcadio the Cudgeller (level 5, -2/33 HPs)
             Began as a Gargoyle Gladiator on Feb 3, 2024.
             Incinerated by a bombardier beetle (6 damage)
             ... with a burning spray
             ... on level 4 of the Dungeon.
             The game lasted 00:02:22 (2057 turns).

Arcadio the Cudgeller (Gargoyle Gladiator)          Turns: 2057, Time: 00:02:22

Health: -2/33      AC: 14    Str: 19    XL:     5   Next: 3%
Magic:  5/5        EV:  8    Int:  9    God:
Gold:   130        SH:  0    Dex: 11    Spells: 4/4 levels left

rFire   . . .        a - +0 flail
rCold   . . .        (no shield)
rNeg    + . .        m - +0 chain mail
rPois   ∞            c - +0 helmet
rElec   +            (no cloak)
rCorr   .            (no gloves)
SInv    .            (no boots)
Will    .....        (no amulet) Stlth
                     (no ring)
HPRegen 0.25/turn    (no ring)
MPRegen 0.09/turn

%: no passive effects
@: on fire, glowing
A: sickness immunity, AC +4, negative energy resistance 1, electricity
resistance, torment resistance 1, petrification resistance
a: no special abilities


You were on level 4 of the Dungeon.
You visited 1 branch of the dungeon, and saw 4 of its levels.

You collected 130 gold pieces.

Inventory:

Hand Weapons
 a - a +0 flail (weapon)
Missiles
 d - 3 throwing nets (quivered)
 e - a javelin
Armour
 b - a +0 leather armour
 c - a +0 helmet (worn)
 m - a +0 chain mail (worn)
Scrolls
 g - 4 scrolls of identify {unknown}
 h - 2 scrolls of noise {unknown}
 j - 2 scrolls of amnesia {unknown}
 k - a scroll of blinking {unknown}
 n - 2 scrolls of teleportation {unknown}
Potions
 f - a potion of curing {unknown}
 i - a potion of heal wounds
 l - 2 potions of lignification {unknown}


   Skills:
 + Level 3.6 Fighting
 + Level 4.0 Maces & Flails
 - Level 1.7 Throwing
 + Level 2.6 Armour
 - Level 2.4 Dodging


You had 4 spell levels left.
You didn't know any spells.
Your spell library contained the following spells:

 Spells                   Type           Power      Damage    Failure   Level
 Apportation              Tloc           0%         N/A       98%         1
 Necrotise                Necr           0%         1d4       98%         1
 Sting                    Conj/Alch      0%         1d3       98%         1
 Summon Small Mammal      Summ           0%         N/A       98%         1
 Blink                    Tloc           0%         N/A       99%         2
 Lesser Beckoning         Tloc           0%         N/A       99%         2
 Momentum Strike          Conj/Tloc      0%         3d8       99%         2
 Dazzling Flash           Conj/Hex       0%         N/A       100%        3
 Mephitic Cloud           Conj/Alch/Air  0%         N/A       100%        3
 Curse of Agony           Necr           0%         N/A       100%        5
 Silence                  Hex/Air        0%         N/A       100%        5


Dungeon Overview and Level Annotations

Branches:
Dungeon (4/15)
 Temple: D:4-7

Altars:
Fedhas
Yredelemnul


Innate Abilities, Weirdness & Mutations

You are immune to sickness and miasma.
Your stone body is resilient. (AC +4)
You are immune to poison.
You resist negative energy. (rN+)
You are resistant to electric shocks. (rElec)
You are resistant to unholy torment.
You are immune to petrification.


Message History

You are even more covered in liquid fire!
You hit the bombardier beetle but do no damage.
The bombardier beetle is severely wounded.
The liquid fire burns you!
You barely miss the bombardier beetle.
The bombardier beetle is severely wounded.
The liquid fire burns you!
The bombardier beetle bites you but does no damage.
You barely miss the bombardier beetle.
The bombardier beetle is severely wounded.
The liquid fire burns you!
* * * LOW HITPOINT WARNING * * *
The bombardier beetle bites you.
* * * LOW HITPOINT WARNING * * *
You feel much better. The liquid fire burns you!
You barely miss the bombardier beetle.
The bombardier beetle is severely wounded.
The liquid fire burns you! The bombardier beetle bites you.
You hit the bombardier beetle.
The bombardier beetle is almost dead.
The liquid fire burns you!
The bombardier beetle bites you but does no damage.
You hit the bombardier beetle.
You kill the bombardier beetle!
The liquid fire burns you!
Your Maces & Flails skill increases to level 4!
You have reached level 5!
You are on fire!
You are on fire!
You shake off some of the fire as you move.
The liquid fire burns you!
You see here a bombardier beetle corpse.
You shake off some of the fire as you move.
The liquid fire burns you!
* * * LOW HITPOINT WARNING * * *
You shake off some of the fire as you move.
The liquid fire burns you!
You die...

.#.#..#.#####.#
...........#.#.#
##.......##..###.
..##.##.##.#.#.# #
#.##..........##
#.#####.##.##.##.####
...##.......##.#
#.##.##.##.......#
#....@..##########
####.#### #.# #.# #.#
..# ##. #


There were no monsters in sight!

Vanquished Creatures
  A bombardier beetle (D:4)
  2 adders
  2 dart slugs
  5 orcs (D:3)
  5 bats
  2 endoplasms (D:3)
  2 giant cockroaches (D:3)
  5 goblins
  5 hobgoblins
  8 jackals
  2 quokkas
  3 ball pythons
  2 ball python zombies (D:3)
  4 frilled lizards
  2 kobolds (D:3)
  5 rats
55 creatures vanquished.

Notes
Turn   | Place    | Note
-------+----------+-------------------------------------------
     0 | D:1      | Arcadio the Gargoyle Gladiator began the quest for the Orb.
     0 | D:1      | Reached XP level 1. HP: 12/12 MP: 1/1
   103 | D:1      | Reached XP level 2. HP: 17/18 MP: 2/2
   148 | D:1      | Found a faded altar of an unknown god.
   445 | D:1      | Reached skill level 1 in Armour
   903 | D:2      | Reached XP level 3. HP: 22/22 MP: 3/3
  1388 | D:3      | Reached XP level 4. HP: 22/28 MP: 4/4
  1510 | D:3      | Found a blossoming altar of Fedhas.
  1669 | D:3      | Found a basalt altar of Yredelemnul.
  2045 | D:4      | HP: 1/28 [burnt (7)]
  2055 | D:4      | Reached skill level 4 in Maces & Flails
  2055 | D:4      | Reached XP level 5. HP: 12/33 MP: 5/5
  2057 | D:4      | Incinerated by a bombardier beetle

Illustrated notes

Levels and vault maps discovered:
D:1:      tarquinn_simple_flora_water_f, layout_loops_ring,
          ebering_ecumenical_altar_box, amcnicky_mini_corridor_feature
D:2:      layout_basic, ebering_dispersal_statue_hall, bh_walls_and_bars
D:3:      minmay_recursive_quarters, layout_rooms,
          mainiacjoe_overflow_tiny_flanked, lemuel_zombie_altar_yredelemnul,
          minmay_vboxes
D:4:      layout_loops_cross, minmay_unequal

Skill      XL: |  1  2  3  4 |
---------------+-------------+-----
Armour         | 1 2 |  2.6
Fighting       | 3 |  3.6
Maces & Flails | 4 |  4.0
Throwing       | |  1.7
Dodging        | |  2.4

Action                     |  1- 3 |  4- 6 || total
---------------------------+-------+-------++-------
  Melee: Flail             |   109 |    63 ||   172
         Punch             |       |     1 ||     1
    Use: Potion            |       |     2 ||     2
 Armour: Leather armour    |    70 |    26 ||    96
         Chain mail        |       |    34 ||    34
  Dodge: Dodged            |    91 |    37 ||   128
